 Dungeon Crawl Stone Soup version 0.31.0-11-ge490571c62 (webtiles) character file.

Game seed: 10337315191491571522

667 qw the Shooter (level 7, -1/35 HPs)
             Began as a Spriggan Hunter on Feb 3, 2024.
             Incinerated by a bombardier beetle (4 damage)
             ... with a burning spray
             ... on level 5 of the Dungeon.
             The game lasted 00:00:23 (3263 turns).

qw the Shooter (Spriggan Hunter)                    Turns: 3263, Time: 00:00:24

Health: -1/35      AC:  2    Str: 13    XL:     7   Next: 31%
Magic:  0/8        EV: 21    Int: 10    God:
Gold:   186        SH:  0    Dex: 21    Spells: 6/6 levels left

rFire   . . .        a - +0 shortbow
rCold   . . .        (shield currently unavailable)
rNeg    . . .        c - +0 robe
rPois   .            (helmet restricted)
rElec   .            (no cloak)
rCorr   .            (gloves unavailable)
SInv    +            (boots unavailable)
Will    +....        i - amulet of guardian spirit
Stlth   +            h - +6 ring of strength
HPRegen 0.25/turn    (no ring)
MPRegen 0.11/turn

%: guardian spirit
@: on fire, glowing, very quick
A: very small, no large weapons, unfitting armour, see invisible, speed 3
a: no special abilities


You were on level 5 of the Dungeon.
You visited 1 branch of the dungeon, and saw 5 of its levels.

You collected 262 gold pieces.
You spent 76 gold pieces at shops.


Innate Abilities, Weirdness & Mutations

You are very small and have problems with some larger weapons.
You are too small for most types of armour.
You have supernaturally acute eyesight. (SInv)
You cover ground extremely quickly. (Speed+++)


   Skills:
 - Level 2.9 Fighting
 - Level 7.3 Ranged Weapons
 + Level 6.1 Dodging
 - Level 1.5 Stealth


You had 6 spell levels left.
You didn't know any spells.
Your spell library was empty.

Inventory:

Hand Weapons
 a - a +0 shortbow (weapon)
Armour
 c - a +0 robe (worn)
Jewellery
 h - a +6 ring of strength (left hand)
 i - an amulet of guardian spirit (around neck)
 j - an amulet of magic regeneration
Scrolls
 b - a scroll of fog {unknown}
Potions
 d - a potion of might
 e - a potion of resistance
 f - a potion of haste
 g - 2 potions of curing

Dungeon Overview and Level Annotations

Branches:
Dungeon (5/15)
 Temple: D:4-7

Altars:
Cheibriados
Elyvilon

Shops:
D:1 *:(   D:2 ??


Message History

The burning spray hits you.
You are covered in liquid fire!
You shoot an arrow. The arrow barely misses Edmund.
The liquid fire burns you! Edmund closely misses you.
You shoot an arrow. The arrow hits Edmund!
Edmund is almost dead.
The liquid fire burns you! Edmund barely misses you.
The ogre barely misses you.
You shoot an arrow. The arrow hits Edmund.
Edmund is almost dead.
The liquid fire burns you! Edmund completely misses you.
The ogre closely misses you.
You shoot an arrow. The arrow hits Edmund.
Edmund is almost dead.
The liquid fire burns you!
Edmund says, "A flail is better than a scythe, any day of the week!"
Edmund closely misses you.
You shoot an arrow. The arrow hits Edmund.
You kill Edmund!
The liquid fire burns you! The ogre barely misses you.
Your Ranged Weapons skill increases to level 7!
You shoot an arrow. The arrow hits the ogre.
The ogre is lightly wounded.
The liquid fire burns you! The ogre misses you.
You shoot an arrow. The arrow hits the ogre!
The ogre is moderately wounded.
The liquid fire burns you!
The bombardier beetle completely misses you.
You shoot an arrow.
The arrow hits the ogre but does no damage.
The ogre is moderately wounded.
The liquid fire burns you! The ogre completely misses you.
You shoot an arrow. The arrow hits the ogre.
The ogre is heavily wounded.
The liquid fire burns you!
You die...

#### ##...# .......
###...# #....## .......
##......###....# .......
#........##....#
.......##......#........
..<.....#...............
............##....#...
#.BO............#...
#.)@.###....!.......
#..#..####..##.....#. #.
##..###........##. #
#..#.#..#......#.
##.#............P
#..............P.
##.............~~
##............P~
...............~


You could see an ogre and a bombardier beetle.

Vanquished Creatures
  Edmund (D:5)
  A water moccasin (D:5)
  A black bear (D:4)
  2 bombardier beetles (D:4)
  2 hounds
  2 jellies
  A sleepcap (D:5)
  An orc wizard (D:4)
  4 adders
  4 dart slugs
  3 orcs
  4 bats
  4 endoplasms
  A giant cockroach (D:1)
  9 goblins
  9 hobgoblins
  8 jackals
  9 kobolds
  2 quokkas
  5 ball pythons
  3 frilled lizards (D:1)
  2 rats
78 creatures vanquished.

Notes
Turn   | Place    | Note
-------+----------+-------------------------------------------
     0 | D:1      | qw the Spriggan Hunter began the quest for the Orb.
     0 | D:1      | Reached XP level 1. HP: 10/10 MP: 2/2
     0 | D:1      | 0 ||| qw: Version: 0.3-a-155-g5e7d8dd
     0 | D:1      | 0 ||| qw: Game counter: 3538
     0 | D:1      | 0 ||| qw: Melee chars always use a shield: true
     0 | D:1      | 0 ||| qw: God list: Okawaru
     0 | D:1      | 0 ||| qw: Allow faded altars: false
     0 | D:1      | 0 ||| qw: Do Orc after clearing Dungeon:15 true
     0 | D:1      | 0 ||| qw: Do second Lair branch before Depths: true
     0 | D:1      | 0 ||| qw: Lair rune preference: random
     0 | D:1      | 0 ||| qw: Goals: Normal
     0 | D:1      | 0 ||| PLANNING D:1-11
    25 | D:1      | Reached skill level 3 in Dodging
    39 | D:1      | Found Tesoucut's General Store.
    49 | D:1      | 49 ||| SHOPLISTING +1 robe of Tavvia {Regen+ Dex+3} (247
                  | gold, have 18).
    49 | D:1      | 49 ||| SHOPLISTING potion of heal wounds (65 gold, have
                  | 18).
    49 | D:1      | 49 ||| SHOPLISTING scroll of enchant weapon (97 gold, have
                  | 18).
   128 | D:1      | Reached XP level 2. HP: 14/14 MP: 3/3
   132 | D:1      | Found Olloumim's Vocational Training.
   157 | D:1      | 157 ||| READING scroll labelled XAOGUGH SASKAO.
   244 | D:1      | Found Evenevy's Weapon Boutique.
   363 | D:1      | 363 ||| READING scroll labelled XABRONT BUAS.
   364 | D:1      | 364 ||| DRINKING 2 white potions.
   365 | D:1      | 365 ||| DRINKING 3 bubbling golden potions.
   366 | D:1      | 366 ||| DROPPING scroll of butterflies.
   430 | D:2      | Found Fuimuw's Magic Scroll Emporium.
   438 | D:2      | 438 ||| SHOPLISTING scroll of brand weapon (123 gold, have
                  | 70).
   438 | D:2      | 438 ||| SHOPLISTING scroll of enchant armour (97 gold, have
                  | 70).
   438 | D:2      | 438 ||| SHOPLISTING scroll of enchant weapon (97 gold, have
                  | 70).
   438 | D:2      | 438 ||| BUYING scroll of identify (26 gold).
   438 | D:2      | Bought a scroll of identify for 26 gold pieces
   438 | D:2      | 438 ||| BUYING scroll of identify (26 gold).
   438 | D:2      | Bought a scroll of identify for 26 gold pieces
   518 | D:2      | Found a white marble altar of Elyvilon.
   600 | D:2      | Reached XP level 3. HP: 18/18 MP: 4/4
   626 | D:2      | Found a faded altar of an unknown god.
   764 | D:2      | Found Niryff's Magic Scroll Emporium.
   774 | D:2      | 774 ||| SHOPLISTING scroll of enchant armour (90 gold, have
                  | 51).
   774 | D:2      | 774 ||| SHOPLISTING scroll of enchant weapon (90 gold, have
                  | 51).
   774 | D:2      | 774 ||| BUYING scroll of identify (24 gold).
   774 | D:2      | Bought a scroll of identify for 24 gold pieces
   774 | D:2      | 774 ||| SHOPLISTING scroll of teleportation (36 gold, have
                  | 27).
  1023 | D:2      | Reached skill level 5 in Ranged Weapons
  1063 | D:2      | Reached XP level 4. HP: 22/22 MP: 5/5
  1419 | D:2      | 1419 ||| UPGRADING to amulet of guardian spirit.
  1424 | D:2      | 1424 ||| READING 4 scrolls of identify.
  1424 | D:2      | 1424 ||| IDENTIFYING fizzy white potion
  1425 | D:2      | 1425 ||| READING 3 scrolls of identify.
  1425 | D:2      | 1425 ||| IDENTIFYING grey potion
  1426 | D:2      | 1426 ||| READING 2 scrolls of identify.
  1426 | D:2      | 1426 ||| IDENTIFYING 2 golden potions
  1427 | D:2      | 1427 ||| DROPPING potion of berserk rage.
  1823 | D:3      | Identified the +1 quarterstaff of Moral Flaws {spect, *Slow
                  | rC++ Stlth+}
  2278 | D:3      | 2278 ||| DROPPING ring of flight.
  2279 | D:3      | 2279 ||| READING scroll of identify.
  2279 | D:3      | 2279 ||| IDENTIFYING coppery potion
  2329 | D:4      | Noticed a torpor snail
  2329 | D:4      | Noticed a torpor snail
  2329 | D:4      | Noticed a torpor snail
  2329 | D:4      | Found a snail-covered altar of Cheibriados.
  2332 | D:4      | 2332 ||| STAIRDANCE
  2343 | D:4      | 2343 ||| STAIRDANCE
  2355 | D:4      | 2355 ||| STAIRDANCE
  2423 | D:4      | Noticed a black bear
  2424 | D:4      | 2424 ||| DRINKING 3 potions of haste.
  2436 | D:4      | Killed a black bear
  2437 | D:4      | Reached XP level 5. HP: 15/28 MP: 3/6
  2442 | D:4      | 2442 ||| FLEEEEING.
  2443 | D:4      | 2443 ||| FLEEEEING.
  2448 | D:4      | 2448 ||| FLEEEEING.
  2450 | D:4      | 2450 ||| FLEEEEING.
  2465 | D:4      | 2465 ||| FLEEEEING.
  2467 | D:4      | 2467 ||| FLEEEEING.
  2470 | D:4      | 2470 ||| FLEEEEING.
  2472 | D:4      | 2472 ||| STAIRDANCE
  2673 | D:4      | Reached XP level 6. HP: 32/32 MP: 7/7
  2822 | D:4      | HP: 7/32 [burnt (3)]
  2822 | D:4      | HP: 3/32 [hound (3)]
  2823 | D:4      | 2823 ||| DRINKING 2 potions of heal wounds.
  2826 | D:4      | 2826 ||| DRINKING potion of heal wounds.
  2830 | D:4      | Reached skill level 6 in Ranged Weapons
  2935 | D:4      | 2935 ||| UPGRADING to +6 ring of strength.
  2936 | D:4      | 2936 ||| READING scroll of identify.
  2936 | D:4      | 2936 ||| IDENTIFYING dark potion
  2937 | D:4      | 2937 ||| READING scroll labelled ENOL MEMOIMPA.
  2938 | D:4      | 2938 ||| DRINKING 2 bubbling puce potions.
  2939 | D:4      | 2939 ||| DROPPING potion of attraction.
  2940 | D:4      | 2940 ||| DROPPING potion of lignification.
  2949 | D:5      | Entered Level 5 of the Dungeon
  2982 | D:5      | Reached skill level 6 in Dodging
  3052 | D:5      | Noticed a water moccasin
  3053 | D:5      | 3053 ||| DRINKING 2 potions of haste.
  3079 | D:5      | Killed a water moccasin
  3080 | D:5      | Reached XP level 7. HP: 10/35 MP: 5/8
  3080 | D:5      | 3080 ||| DRINKING 3 potions of curing.
  3080 | D:5      | 3080 ||| (to cure poison)
  3248 | D:5      | Noticed Edmund
  3259 | D:5      | Killed Edmund
  3260 | D:5      | Reached skill level 7 in Ranged Weapons
  3260 | D:5      | HP: 7/35 [burnt (2)]
  3262 | D:5      | HP: 3/35 [burnt (2)]
  3263 | D:5      | Incinerated by a bombardier beetle

Levels and vault maps discovered:
D:1:      roderic_crossed_star, layout_rooms, serial_shops, shop, shop,
          nicolae_shop_vocational
D:2:      layout_basic, shapermc_ecumenical_altar_mp_urbaneastern, serial_shops,
          nicolae_shop_tiny_glass, nicolae_diamond_shop, basic_altar
D:3:      cheibrodos_old_hovel, layout_loops_corners
D:4:      layout_rooms, cheibriados_altar_2
D:5:      layout_cave_pools, lemuel_temple_firewalk_a, serial_bayou,
          serial_bayou_ford_a, serial_bayou_shore_b, serial_bayou_shore_b,
          serial_bayou_pond_e, kennysheep_opposing_triangles, uniq_edmund

Skill      XL: |  1  2  3  4  5  6  7 |
---------------+----------------------+-----
Dodging        | 3 4 5 6 |  6.1
Ranged Weapons | 5 6 7 |  7.3
Fighting       | 2 |  2.9
Stealth        | |  1.5

Action                     |  1- 3 |  4- 6 |  7- 9 || total
---------------------------+-------+-------+-------++-------
   Fire: Shortbow          |    94 |   155 |    25 ||   274
    Use: Scroll            |     2 |     6 |       ||     8
         Potion            |     2 |     5 |     1 ||     8
 Armour: Robe              |    10 |    39 |     3 ||    52
  Dodge: Dodged            |    35 |   108 |    16 ||   159

Table legend:
 A = Non-vault XP
 B = Vault XP
 C = Vault XP percentage of total XP
 D = Non-vault monster count
 E = Vault monster count
 F = Vault count percentage of total count
                 A         B        C        D         E       F
            +---------+---------+-------+---------+---------+-------
      Total |     706 |     248 |  26.0 |      74 |       4 |   5.1
            +---------+---------+-------+---------+---------+-------
        D:1 |      33 |       0 |   0.0 |      19 |       0 |   0.0
        D:2 |      71 |       0 |   0.0 |      19 |       0 |   0.0
        D:3 |      40 |       1 |   2.4 |      14 |       1 |   6.7
        D:4 |     366 |       0 |   0.0 |      20 |       0 |   0.0
        D:5 |     196 |     247 |  55.8 |       2 |       3 |  60.0
            +---------+---------+-------+---------+---------+-------
